AoeStats
← Alerius

Arabia

510447785Analyzed
1v1 RM · 1d ago on Oct 1, 2026· 47m 35s· 2 players
Game mode
Random Map
Map size
Tiny (2 player)
Population
200
Speed
Normal
Resources
Standard
Victory
Conquest
Starting age
Dark Age
Ending age
Imperial Age
RankedLock teamsTeams togetherTeam positionsShared explorationLock speedFull tech treeHidden civsTurbo modeCheats
Victory
Defeat
🇦🇷 Byzantines · Argentina
958
+17
🇺🇸 Italians · United States
990
-39
Frijolito1769
7:23 Loom
9:29 Feudal Age
17:50 Wheelbarrow
20:28 Castle Age
21:26 Double-Bit Axe
22:47 Elite Skirmisher
24:03 Fletching
23:38 Pikeman
25:59 Bodkin Arrow
27:06 Hand Cart
26:38 Horse Collar
27:16 Squires
27:58 Bow Saw
31:55 Ballistics
31:31 Gold Mining
34:21 Imperial Age
32:22 Forging
33:54 Scale Barding Armor
34:25 Iron Casting
34:15 Husbandry
35:01 Cavalier
38:32 Chain Barding Armor
39:31 Chemistry
39:53 Halberdier
42:48 Plate Barding Armor
43:03 Bracer
44:18 Paladin
Alerius
6:48 Loom
9:25 Feudal Age
9:54 Double-Bit Axe
11:11 Horse Collar
18:32 Gold Mining
18:43 Fletching
23:14 Castle Age
21:29 Bloodlines
22:28 Forging
23:42 Scale Barding Armor
24:25 Light Cavalry
25:48 Bow Saw
27:21 Chain Barding Armor
27:26 Elite Skirmisher
28:42 Stone Mining
30:00 Iron Casting
30:13 Bodkin Arrow
30:39 Husbandry
37:11 Ballistics
37:35 Murder Holes
40:51 Imperial Age
38:57 Wheelbarrow
42:47 Chemistry
42:10 Bracer
43:28 Conscription
43:19 Caravan
44:38 Elite Genoese Crossbowman
Connection lost

Rejoining the realm…

Still unreachable

The connection could not be restored.

Session expired

The server has moved on; the page needs a fresh start.